 Dungeon Crawl Stone Soup version 0.23.0-3-gf3c87f2 (webtiles) character file.

Game seed: 9762096508280169351

886 inmateoo the Spear-Bearer (level 8, -5/58 HPs)
             Began as a Human Chaos Knight on Feb 21, 2019.
             Was a Plaything of Xom.
             Shot with an arrow by a centaur (12 damage)
             ... on level 6 of the Dungeon.
             The game lasted 00:05:21 (4270 turns).

inmateoo the Spear-Bearer (Human Chaos Knight)      Turns: 4270, Time: 00:05:22

Health: -5/58      AC:  7    Str: 14    XL:     8   Next: 26%
Magic:  8/8        EV: 11    Int: 11    God:    Xom [.....*]
Gold:   210        SH:  0    Dex: 13    Spells: 7/7 levels left

rFire    . . .     SeeInvis .   a - +1 spear (chaos)
rCold    . . .     Gourm    .   (no shield)
rNeg     . . .     Faith    .   b - +2 leather armour
rPois    .         Spirit   .   (helmet restricted)
rElec    .         Reflect  .   q - +1 cloak
rCorr    .         Harm     .   (no gloves)
MR       .....                  l - +1 pair of boots
Stlth    +.........             (no amulet)
HPRegen  0.19/turn              (no ring)
MPRegen  0.11/turn              (no ring)

@: lethally poisoned (-5 -> -7), studying Short Blades
A: horns 1, deformed body, dopey 1, no potion heal 1
a: Renounce Religion


You were on level 6 of the Dungeon.
You worshipped Xom.
You were Xom's teddy bear.
You were not hungry.

You visited 1 branch of the dungeon, and saw 6 of its levels.

You collected 210 gold pieces.

Inventory:

Hand Weapons
 a - a +1 spear of chaos (weapon)
Armour
 b - a +2 leather armour (worn)
 l - a +1 pair of boots (worn)
 q - a +1 cloak (worn)
 w - a +0 ring mail of fire resistance
Wands
 p - a wand of random effects (10)
 v - a wand of clouds (5)
Scrolls
 d - 3 scrolls of identify
 f - 2 scrolls of remove curse
 h - 2 scrolls of fog
 i - 4 scrolls of teleportation
 r - a scroll of immolation
Potions
 e - a potion of agility {unknown}
 g - 2 potions of brilliance
 j - a potion of might
 m - 2 potions of heal wounds
 o - a potion of invisibility
 u - a potion of curing
Books
 t - a manual of Short Blades
Comestibles
 c - 6 rations


   Skills:
 + Level 3.2 Fighting
 + Level 9.2 Polearms
 - Level 2.0 Armour
 + Level 1.4 Dodging


You had 7 spell levels left.
You didn't know any spells.
Your spell library contained the following spells:

 Spells                   Type           Power        Failure   Level  Hunger
 Corpse Rot               Necr           N/A          54%         2    ###....
 Stone Arrow              Conj/Erth      #.....       78%         3    ####...
 Leda's Liquefaction      Hex/Erth       #.........   99%         4    #####..
 Summon Forest            Summ/Tloc      #.........   100%        5    ######.
 Hydra Form               Tmut           #.........   100%        6    #######
 Summon Hydra             Summ           #.........   100%        7    #######


Dungeon Overview and Level Annotations

Branches:
Dungeon (6/15)
 Temple: D:4-7

Altars:
Ashenzari
Okawaru


Innate Abilities, Weirdness & Mutations

You have a pair of small horns on your head.
Armour fits poorly on your strangely shaped body.
You are dopey. (Int -2)
Potions are less effective at restoring your health.


Message History

You feel sick.
The centaur shoots an arrow.
The arrow completely misses you.
You see here 2 arrows.
The centaur shoots an arrow.
The arrow hits you!
* * * LOW HITPOINT WARNING * * *
Things that are here:
an arrow; a worker ant corpse You feel sick.
The centaur shoots an arrow.
The arrow hits you.
* * * LOW HITPOINT WARNING * * *
You feel sick.
There is a stone staircase leading down here.
Unknown command.
Okay, then.
The adder closely misses you.
You feel sick. The adder bites you but does no damage.
You feel sick.
You feel sick. The adder bites you but does no damage.
You feel sick.
The centaur shoots an arrow.
The arrow hits you!
You die...
Xom cackles wildly!

###.####.# #...[.#
#. .# ###.### # .#
#.############
#.##.#.......#
#...#..).....#
####..###..####.#
....## ##.#....#
###.## ##..# ##@##
##.####.#
#..###.......#
#S..#........#
#....#########
##c###
#.###########
#######.##.........
.......>.(((.......
.....##.##..c......


You could see a centaur and an adder.

Vanquished Creatures
  A phantom (D:6)
  A sky beast (D:4)
  A scorpion (D:3)
  2 centaur zombies (D:6)
  2 crimson imps (D:5)
  A bullfrog zombie (D:5)
  3 hounds
  A centaur skeleton (D:4)
  Ijyb (D:3)
  4 worker ants
  A hound skeleton (D:4)
  2 gnolls (D:3)
  6 adders
  2 worms (D:2)
  2 adder skeletons (D:4)
  6 leopard geckos
  10 orcs
  2 ball pythons (D:4)
  A giant cockroach (D:6)
  3 hobgoblins
  7 kobolds
  2 quokkas
  2 bats (D:2)
  10 frilled lizards
  2 giant cockroach zombies
  4 goblins
  A quokka skeleton (D:6)
  7 rats
87 creatures vanquished.

Vanquished Creatures (others)
  A sky beast (D:5)
  A bullfrog (D:4)
  An adder (D:5)
  A shadow imp (D:5)
  2 orcs
6 creatures vanquished.

Grand Total: 93 creatures vanquished

Notes
Turn   | Place    | Note
-------+----------+-------------------------------------------
     0 | D:1      | inmateoo the Human Chaos Knight began the quest for the
                  | Orb.
     0 | D:1      | Reached XP level 1. HP: 18/18 MP: 1/1
   309 | D:1      | Reached XP level 2. HP: 24/24 MP: 2/2
   742 | D:2      | XOM: divination: magic mapping
   753 | D:2      | Found an iron altar of Okawaru.
   850 | D:2      | Reached skill level 4 in Polearms
   850 | D:2      | Reached XP level 3. HP: 29/29 MP: 3/3
   909 | D:2      | You fall through a shaft!
   968 | D:3      | Reached XP level 4. HP: 24/35 MP: 4/4
  1068 | D:2      | XOM: give mutations
  1068 | D:2      | Gained mutation: Armour fits poorly on your strangely
                  | shaped body. [Xom's mischief]
  1068 | D:2      | Gained mutation: You are dopey. (Int -2) [Xom's mischief]
  1234 | D:2      | Reached skill level 5 in Polearms
  1491 | D:3      | XOM: 2-stop teleportation journey
  1574 | D:3      | Found a shattered altar of Ashenzari.
  1791 | D:3      | Noticed Ijyb
  1809 | D:3      | Killed Ijyb
  1809 | D:3      | Reached XP level 5. HP: 37/41 MP: 5/5
  1970 | D:4      | Noticed a sky beast
  1980 | D:4      | XOM: 1-stop teleportation journey
  1983 | D:4      | XOM: confusion
  1983 | D:4      | Noticed a bullfrog
  2012 | D:3      | XOM: summons 2 hostile demons
  2216 | D:3      | Reached skill level 6 in Polearms
  2378 | D:3      | Reached XP level 6. HP: 41/47 MP: 6/6
  2419 | D:3      | XOM: mild Ice miscast
  2722 | D:4      | Killed a sky beast
  2722 | D:4      | Reached skill level 7 in Polearms
  2758 | D:4      | Reached XP level 7. HP: 21/52 MP: 7/7
  2862 | D:4      | XOM: summons 3 hostile demons
  2863 | D:4      | Noticed a red devil
  3063 | D:3      | XOM: mild Chrm miscast
  3213 | D:5      | Entered Level 5 of the Dungeon
  3218 | D:5      | XOM: give mutations
  3218 | D:5      | Gained mutation: Potions are less effective at restoring
                  | your health. [Xom's mischief]
  3218 | D:5      | Gained mutation: You have a pair of small horns on your
                  | head. [Xom's mischief]
  3413 | D:5      | Noticed a water moccasin
  3414 | D:5      | XOM: snakes to sticks
  3430 | D:5      | Reached skill level 8 in Polearms
  3457 | D:5      | XOM: god gift: Fen Folio
  3464 | D:5      | XOM: fog
  3841 | D:5      | XOM: divination: detect items
  4138 | D:6      | Reached XP level 8. HP: 58/58 MP: 8/8
  4154 | D:6      | Reached skill level 9 in Polearms
  4270 | D:6      | Shot with an arrow by a centaur

Skill      XL: |  1  2  3  4  5  6  7  8 |
---------------+-------------------------+-----
Polearms       | 4 5 6 7 8 9 |  9.2
Fighting       | |  3.2
Armour         | |  2.0
Dodging        | |  1.4

Action                   |  1- 3 |  4- 6 |  7- 9 || total
-------------------------+-------+-------+-------++-------
Melee: Spear             |    80 |   190 |   157 ||   427
       Headbutt          |       |       |    24 ||    24
  Use: Scroll            |       |       |    16 ||    16
 Stab: Sleeping          |     2 |       |       ||     2
       Paralysed         |       |     5 |       ||     5
  Eat: Chunk             |       |     5 |     6 ||    11
Armor: Leather armour    |     7 |    28 |    32 ||    67
Dodge: Dodged            |    29 |    69 |    55 ||   153
